 Dungeon Crawl Stone Soup version 0.18-a0-1060-g4fac74f (webtiles) character file.

4417 Duffy the Zephyrmancer (level 10, 0/64 HPs)
             Began as a High Elf Air Elementalist on Jan 12, 2016.
             Was a Believer of Vehumet.
             Killed from afar by Erica (24 damage)
             ... with a bolt of poison
             ... on level 9 of the Dungeon.
             The game lasted 00:21:07 (11768 turns).

Duffy the Zephyrmancer (High Elf Air Elementalist) Turns: 11768, Time: 00:21:07

Health: 0/64       AC:  9    Str:  7    XL:     10   Next: 14%
Magic:  4/21       EV: 14    Int: 22    God:    Vehumet [**....]
Gold:   533        SH:  0    Dex: 17    Spells: 4 memorised, 13 levels left

rFire  . . .     SeeInvis .     H - +1 falchion (elec)
rCold  + . .     Gourm    +     i - +2 leather armour {rC+}
rNeg   + . .     Faith    .     (no shield)
rPois  .         Spirit   .     C - +0 helmet
rElec  .         Dismiss  .     p - +0 cloak
rCorr  .         Reflect  .     z - +0 pair of gloves
SustAt .         Harm     .     I - +0 pair of boots
MR     +....                    J - amulet of the gourmand
Stlth  ++........               (no ring)
                                E - ring of positive energy

@: lethally poisoned (0 -> -38), slowed, repel missiles, very slow, somewhat
resistant to hostile enchantments, unstealthy
A: no striking features
a: Renounce Religion


You were on level 9 of the Dungeon.
You worshipped Vehumet.
Vehumet was pleased with you.
You were very full.

You visited 1 branch of the dungeon, and saw 9 of its levels.

You collected 533 gold pieces.


   Skills:
 + Level 4.2 Fighting
 + Level 5.2 Dodging
 - Level 2.2 Stealth
 - Level 7.0 Spellcasting
 - Level 10.0 Conjurations
 - Level 10.0 Air Magic


You had 13 spell levels left.
You knew the following spells:

 Your Spells              Type           Power        Failure   Level  Hunger
a - Shock                 Conj/Air       ####         1%          1    None
l - Lightning Bolt        Conj/Air       ######....   8%          5    #####..
M - Repel Missiles        Chrm/Air       ####..       2%          2    None
W - Swiftness             Chrm/Air       ####....     2%          2    None

Inventory:

Hand Weapons
 H - a +1 falchion of electrocution (weapon)
Armour
 i - a +2 leather armour of cold resistance (worn)
 p - a +0 cloak (worn)
 z - a +0 pair of gloves (worn)
 C - a +0 helmet (worn)
 I - a +0 pair of boots (worn)
Jewellery
 w - a +3 amulet of reflection
 E - a ring of positive energy (left hand)
 J - an amulet of the gourmand (around neck)
Wands
 s - a wand of magic darts (28/48)
 D - a wand of polymorph (7/24)
 G - a wand of magic darts (20/48)
 P - a wand of slowing (31/48)
Scrolls
 a - 3 scrolls of blinking {unknown}
 e - a scroll of magic mapping {unknown}
 l - 9 scrolls of remove curse
 m - a scroll of teleportation
 n - 3 scrolls of enchant weapon {unknown}
 o - 2 scrolls of immolation {unknown}
 y - a scroll of random uselessness {unknown}
 A - a scroll of enchant armour {unknown}
 F - 2 scrolls of noise {unknown}
 L - a scroll of amnesia {unknown}
 O - a scroll of torment {unknown}
Potions
 f - a potion of resistance
 g - 4 potions of curing
 h - 3 potions of cure mutation
 k - a potion of degeneration {unknown}
 q - 3 potions of might
 r - 5 potions of haste
 v - 3 potions of heal wounds
 x - a potion of brilliance {unknown}
 M - 2 potions of ambrosia {unknown}
 N - 2 potions of agility {unknown}
Books
 b - a book of Air
 t - a book of Air
Comestibles
 c - 10 bread rations
 d - 7 fruits
 j - 3 meat rations
 u - a beef jerky
 B - 11 royal jellies

Dungeon Overview and Level Annotations

Branches:
Dungeon (9/15)             Temple (0/1) D:7
   Lair: D:8-11         Orc: D:9-12

Altars:
Pakellas
Qazlal
Vehumet
Yredelemnul

Annotations:
D:9 exclusion: electric eel, Erica


Message History

You miss something.
You hear some strange, mumbled words.
You feel yourself slow down.
You closely miss something. Something hits you. Something burns you.
You hear some strange, mumbled words.
A bolt of poison appears from out of thin air!
The bolt of poison misses you.
The bolt of poison hits the plant.
The plant is poisoned.
You barely miss something.
You hear some strange, mumbled words.
Something tries to affect you, but you resist.
You hear some strange, mumbled words.
A bolt of poison appears from out of thin air!
The bolt of poison hits you!
You are poisoned.
You hit something.
You feel very sick.
You hear some strange, mumbled words.
Something tries to affect you, but you resist.
Something hits you but does no damage.
You closely miss something.
You feel sick. Something hits you but does no damage.
You hear some strange, mumbled words.
A bolt of poison appears from out of thin air!
The bolt of poison hits you!
You are lethally poisoned!
Drink which item? (? for menu, Esc to quit)
You feel much better.
You feel very sick.
The plant looks more healthy.
You hear some strange, mumbled words.
A bolt of poison appears from out of thin air!
The bolt of poison hits you!
You are lethally poisoned!
You die...

....######.# ....#
# ....# ....# #####
##+######
........######
.........l{..#777
.......}###@..P~7P#
........# #...P~P~P
...@....# #....~~~~
...<....# #....~~PP
l...##### #....P7~#
.... ####7~~##
#........# ###
#........#
#........#


You could see a giant gecko.

Action                   |  1- 3 |  4- 6 |  7- 9 | 10-12 || total
-------------------------+-------+-------+-------+-------++-------
Melee: Falchion          |       |       |   115 |    70 ||   185
       Unarmed           |       |       |     2 |       ||     2
 Cast: Shock             |    76 |    60 |   197 |    16 ||   349
       Repel Missiles    |     1 |     1 |     1 |     1 ||     4
       Lightning Bolt    |       |       |     7 |     4 ||    11
  Use: Scroll            |       |       |     7 |     1 ||     8
       Potion            |       |       |       |     3 ||     3
 Stab: Distracted        |       |       |     1 |       ||     1
       Sleeping          |       |       |     1 |     1 ||     2
  Eat: Chunk             |     5 |     5 |    40 |     2 ||    52

Notes
Turn   | Place    | Note
--------------------------------------------------------------
     0 | D:1      | Duffy the High Elf Air Elementalist began the quest for the Orb.
     0 | D:1      | Reached XP level 1. HP: 11/11 MP: 4/4
   798 | D:1      | Reached skill level 2 in Conjurations
   822 | D:1      | Reached XP level 2. HP: 17/17 MP: 3/6
  1288 | D:1      | Learned a level 2 spell: Repel Missiles
  1291 | D:1      | Learned a level 2 spell: Swiftness
  1415 | D:2      | Found an oddly glowing altar of Pakellas.
  1423 | D:2      | Found a basalt altar of Yredelemnul.
  1534 | D:2      | Reached skill level 3 in Conjurations
  1534 | D:2      | Reached XP level 3. HP: 21/21 MP: 3/7
  2410 | D:2      | Found a stormy altar of Qazlal.
  2488 | D:2      | Reached skill level 4 in Conjurations
  2646 | D:3      | Reached XP level 4. HP: 27/27 MP: 6/8
  2873 | D:3      | Reached skill level 4 in Air Magic
  3057 | D:3      | Noticed Sigmund
  3065 | D:3      | Killed Sigmund
  3065 | D:3      | Reached skill level 5 in Conjurations
  3065 | D:3      | Reached skill level 5 in Air Magic
  3065 | D:3      | Reached XP level 5. HP: 21/31 MP: 2/9
  3340 | D:4      | Noticed an ogre
  3351 | D:4      | Killed an ogre
  3351 | D:4      | Reached XP level 6. HP: 36/36 MP: 4/11
  3461 | D:4      | Noticed Duvessa
  3461 | D:4      | Noticed Dowan
  3480 | D:4      | Killed Dowan
  3480 | D:4      | Reached skill level 3 in Spellcasting
  3600 | D:5      | Entered Level 5 of the Dungeon
  3635 | D:5      | Reached skill level 6 in Air Magic
  3966 | D:5      | Noticed Edmund
  4002 | D:5      | Killed Edmund
  4002 | D:5      | Reached skill level 6 in Conjurations
  4002 | D:5      | Reached XP level 7. HP: 22/41 MP: 3/13
  4621 | D:5      | Reached skill level 7 in Air Magic
  4808 | D:5      | Noticed Eustachio
  4867 | D:5      | Killed Eustachio
  4867 | D:5      | Reached skill level 4 in Spellcasting
  4867 | D:5      | Reached skill level 7 in Conjurations
  5218 | D:5      | Learned a level 5 spell: Lightning Bolt
  5356 | D:6      | Reached XP level 8. HP: 46/46 MP: 8/15
  5442 | D:6      | Reached skill level 8 in Air Magic
  6057 | D:6      | Reached skill level 5 in Spellcasting
  6057 | D:6      | Reached skill level 8 in Conjurations
  6409 | D:6      | Reached skill level 9 in Air Magic
  7162 | D:4      | Found a radiant altar of Vehumet.
  7187 | D:4      | Killed Duvessa
  7358 | D:4      | Became a worshipper of Vehumet
  7698 | D:4      | Reached XP level 9. HP: 51/51 MP: 16/18
  8214 | D:6      | Reached skill level 9 in Conjurations
  8752 | D:7      | Found a staircase to the Ecumenical Temple.
  8911 | D:7      | Noticed Chiseanne's ghost (novice CeAE)
  9023 | D:7      | Reached skill level 10 in Air Magic
  9160 | D:7      | Reached skill level 6 in Spellcasting
  9212 | D:7      | Killed Chiseanne's ghost
  9578 | D:7      | Reached skill level 7 in Spellcasting
  9578 | D:7      | Reached skill level 10 in Conjurations
  9809 | D:8      | Reached * piety under Vehumet
  9809 | D:8      | Offered knowledge of Sandblast by Vehumet.
  9990 | D:8      | Reached skill level 1 in Fighting
 10143 | D:8      | Reached skill level 3 in Dodging
 10260 | D:8      | Reached skill level 2 in Fighting
 10414 | D:8      | Reached skill level 3 in Fighting
 10453 | D:7      | Reached skill level 4 in Dodging
 10919 | D:8      | Reached XP level 10. HP: 53/63 MP: 14/21
 11166 | D:8      | Offered knowledge of Searing Ray by Vehumet.
 11231 | D:8      | Reached ** piety under Vehumet
 11455 | D:9      | Reached skill level 4 in Fighting
 11455 | D:9      | Reached skill level 5 in Dodging
 11642 | D:9      | Noticed Erica
 11768 | D:9      | Killed from afar by Erica

Vault maps used:
D:1:      dpeg_arrival_tiny_k
D:2:      minitemple, grunt_qazlal_sundering
D:3:      uniq_sigmund
D:4:      kennysheep_flooded_box, vehumet_altar_wand_db, uniq_duvessa
D:5:      first_bread, minmay_misc_feat_diagonals, uniq_eustachio, uniq_edmund
D:7:      minmay_temple_entry_overgrown
D:8:      hangedman_little_slice_of_home
D:9:      serial_bayou, serial_bayou_crossing, serial_bayou_shore_b,
          serial_bayou_shore_a, serial_bayou_shore_b, serial_bayou_pond_d,
          serial_bayou_pond_a, hangedman_decor_clover_reticule, uniq_erica

Vanquished Creatures
  The ghost of Chiseanne the Magician, a novice CeAE of Gozag Sigmund Eustachio Edmund
  A water moccasin Duvessa
  2 orc warriors
  A sky beast
  A wasp
  7 ogres
  5 centaurs
  A big kobold
  5 giant frogs
  A water moccasin zombie Dowan
  2 scorpions
  A wyvern skeleton
  5 killer bees
  5 crimson imps
  5 hounds
  A centaur zombie
  A giant frog zombie
  5 jellies
  A centaur skeleton
  4 orc priests
  6 orc wizards
  A giant frog skeleton
  2 worker ants
  A hound skeleton
  A worker ant zombie
  7 adders
  A shadow imp
  6 oozes
  3 adder zombies
  5 adder skeletons
  A worm
  4 giant geckos
  30 orcs
  3 bats
  A giant cockroach
  11 goblins
  11 hobgoblins
  11 jackals
  5 quokkas
  3 giant gecko skeletons
  3 giant newts
  11 kobolds
  9 rats
  A plant
197 creatures vanquished.
